 Dungeon Crawl Stone Soup version 0.22-a0-542-gce4f928 (webtiles) character file.

311 inc the Magician (level 6, -6/36 HPs)
             Began as an Octopode Conjurer on June 24, 2018.
             Mangled by Blork the orc
             ... wielding a +0 dire flail
              (16 damage)
             ... on level 4 of the Dungeon.
             The game lasted 00:06:11 (4017 turns).

inc the Magician (Octopode Conjurer)                Turns: 4017, Time: 00:06:11

Health: -6/36      AC:  1    Str:  7    XL:     6   Next: 42%
Magic:  9/14       EV: 13    Int: 19    God:
Gold:   94         SH:  0    Dex: 13    Spells: 12/15 levels left

rFire    . . .     SeeInvis .   e - +3 dagger (venom)
rCold    . . .     Gourm    .   (no shield)
rNeg     . . .     Faith    .   (helmet restricted)
rPois    .         Spirit   .   (no amulet)
rElec    .         Reflect  .   (no ring)
rCorr    .         Harm     .   (no ring)
MR       .....                  (no ring)
Stlth    +++.......             (no ring)
HPRegen  0.12/turn              (no ring)
MPRegen  0.14/turn              (no ring)
                                (no ring)
                                (no ring)

@: no status effects
A: almost no armour, stealthy swim, amphibious, 8 rings, constrict 8, camouflage
1, gelatinous body 1
a: no special abilities


You were on level 4 of the Dungeon.
You were not hungry.

You visited 1 branch of the dungeon, and saw 4 of its levels.

You collected 94 gold pieces.

Inventory:

Hand Weapons
 a - a +1 dagger of venom
 e - a +3 dagger of venom (weapon)
Scrolls
 c - 2 scrolls of identify
 d - a scroll of amnesia {unknown}
 f - a scroll of noise {unknown}
 h - a scroll of fog {unknown}
 i - a scroll of enchant armour {unknown}
 j - a scroll of immolation {unknown}
Potions
 g - a potion of brilliance
 k - a potion of flight
Comestibles
 b - 4 rations
 l - 2 chunks of flesh


   Skills:
 - Level 2.0 Dodging
 - Level 2.6 Stealth
 + Level 5.4 Spellcasting
 - Level 4.9 Conjurations


You had 12 spell levels left.
You knew the following spells:

 Your Spells              Type           Power        Failure   Level  Hunger
a - Magic Dart            Conj           ###.         1%          1    None
b - Searing Ray           Conj           ###...       2%          2    None

Your spell library contained the following spells:

 Spells                   Type           Power        Failure   Level  Hunger
 Iskenderun's Mystic Bla  Conj           ###.....     16%         4    ####...
 Fulminant Prism          Conj/Hex       ##........   38%         4    ####...
 Dazzling Spray           Conj/Hex       ##....       13%         3    ##.....
 Force Lance              Conj/Tloc      ##......     38%         4    ####...


Dungeon Overview and Level Annotations

Branches:
Dungeon (4/15)
 Temple: D:4-7

Altars:
Elyvilon
Makhleb
Vehumet
Zin
The Shining One
Beogh

Annotations:
D:3 3 runed doors, Eptagon's ghost, amateur OgMo
D:4 Blork the orc


Innate Abilities, Weirdness & Mutations

You cannot wear most types of armour.
You are very stealthy in the water. (Stealth+)
You are amphibious.
You can wear up to eight rings at the same time.
You can use your tentacles to constrict eight enemies at once.
Your skin changes colour to match your surroundings (Stealth+).
Your rubbery body absorbs attacks. (AC +1, EV +1)


Message History

You constrict Blork the orc. Blork the orc casts a spell at you.
The puff of frost hits you!
* * * LOW HITPOINT WARNING * * *
Blork the orc closely misses you.
Casting: Searing Ray (safe; 2% risk of failure)
Confirm with . or Enter, or press ? or * to list all spells.
Aiming: Searing Ray (safe; 2% risk of failure)
Press: ? - help, Shift-Dir - straight line, f/p - Blork the orc
Aim: Blork the orc, wielding a dire flail and wearing a robe (heavily wounded, constricted by you, fast)
The searing ray hits Blork the orc.
Blork the orc is severely wounded. (Press . to maintain the ray.)
You constrict Blork the orc. Blork the orc barely misses you.
Unknown command.
The searing ray hits Blork the orc.
Blork the orc is almost dead.
You constrict Blork the orc.
Blork the orc hits you with a dire flail!
You die...

..## ##.......##
##.#.# .##
##.....## ###.#
.. ##...## #.# .
##+## #.# . #.#
#.# ###.### #.#
#.....# #.#
#.....#########.#
#......o@.......#
#.....###########
..###.....#
........###
..#####†# #.# #>#
##.##### #......#


You could see Blork the orc.

Vanquished Creatures
  A crimson imp (D:3)
  An orc priest (D:3)
  2 hounds
  A bullfrog skeleton (D:4)
  A worker ant (D:3)
  6 adders
  An ooze (D:3)
  A worm (D:2)
  2 leopard geckos
  4 orcs (D:3)
  A ball python (D:4)
  3 giant cockroaches
  7 goblins
  11 hobgoblins
  8 jackals
  9 kobolds
  4 bats
  2 frilled lizards (D:1)
  6 rats
71 creatures vanquished.

Notes
Turn   | Place    | Note
-------+----------+-------------------------------------------
     0 | D:1      | inc the Octopode Conjurer began the quest for the Orb.
     0 | D:1      | Reached XP level 1. HP: 11/11 MP: 3/3
   179 | D:1      | Reached XP level 2. HP: 16/17 MP: 5/5
   700 | D:1      | Reached XP level 3. HP: 11/21 MP: 6/6
  1711 | D:2      | Reached XP level 4. HP: 27/27 MP: 3/8
  1805 | D:2      | Found a glowing silver altar of Zin.
  1805 | D:2      | Found a white marble altar of Elyvilon.
  1806 | D:2      | Found a glowing golden altar of the Shining One.
  1907 | D:2      | Reached skill level 3 in Spellcasting
  1993 | D:2      | Learned a level 2 spell: Searing Ray
  2578 | D:3      | Reached skill level 4 in Spellcasting
  2578 | D:3      | Reached XP level 5. HP: 6/31 MP: 0/11
  3199 | D:3      | Noticed Eptagon's ghost (amateur OgMo)
  3200 | D:3      | Found a runed gate.
  3200 | D:3      | Found a runed gate.
  3201 | D:3      | Found a runed gate.
  3201 | D:3      | Found a roughly hewn altar of Beogh.
  3357 | D:3      | Found a radiant altar of Vehumet.
  3362 | D:3      | Found a burning altar of Makhleb.
  3614 | D:3      | Reached skill level 5 in Spellcasting
  3614 | D:3      | Reached XP level 6. HP: 29/36 MP: 8/13
  3992 | D:4      | Noticed Blork the orc
  4017 | D:4      | Mangled by Blork the orc

Vault maps used:
D:1:      minmay_arrival_stair_chambers, minmay_misc_feat_ornament
D:2:      good_gods_temple_1, chequers_big_river
D:3:      grunt_temple_overflow_lords_of_destruction, biasface_ghost_orc_armoury
D:4:      temple_doors_e, first_ration, grunt_ministairs_2, uniq_blork_the_orc

Skill      XL: |  1  2  3  4  5 |
---------------+----------------+-----
Spellcasting   | 4 5 |  5.4
Dodging        | |  2.0
Stealth        | |  2.6
Conjurations   | |  4.9

Action                   |  1- 3 |  4- 6 || total
-------------------------+-------+-------++-------
Melee: Unarmed           |     6 |       ||     6
       Dagger            |    43 |    18 ||    61
       Constrict         |    15 |     7 ||    22
       Tentacles         |     7 |     2 ||     9
 Cast: Magic Dart        |    26 |    58 ||    84
       Searing Ray       |       |    10 ||    10
  Use: Potion            |       |     3 ||     3
       Scroll            |       |     2 ||     2
 Stab: Sleeping          |     6 |     1 ||     7
  Eat: Chunk             |     2 |     8 ||    10
Armor: Skin              |     6 |     3 ||     9
Dodge: Dodged            |    39 |    28 ||    67

Table legend:
 A = Spawn XP
 B = Non-spawn XP
 C = Spawn XP percentage of total XP
 D = Spawn monster count
 E = Non-spawn monster count
 F = Spawn count percentage of total count
 G = Total turns spent on level
                    A         B        C        D         E        F      G
               +---------+---------+-------+---------+---------+-------+---------
         Total |       0 |     445 |   0.0 |       0 |      71 |   0.0 |  4017
               +---------+---------+-------+---------+---------+-------+---------
           D:1 |       0 |      39 |   0.0 |       0 |      23 |   0.0 |   970
           D:2 |       0 |      58 |   0.0 |       0 |      18 |   0.0 |  1200
           D:3 |       0 |     258 |   0.0 |       0 |      24 |   0.0 |  1573
           D:4 |       0 |      90 |   0.0 |       0 |       6 |   0.0 |   274
               +---------+---------+-------+---------+---------+-------+---------
